 Dungeon Crawl Stone Soup version 0.30.1-5-ged363bc7ee (webtiles) character file.

Game seed: 18075957760691478601

7598 wingedge the Covered (level 10, -1/69 (81) HPs)
             Began as a Demigod Earth Elementalist on Sept 19, 2023.
             Slain by an orc warrior
             ... wielding the +10 dagger of the Desert {drain, rF+ Will+ Str+3 Int-4}
              (9 damage)
             ... on level 9 of the Dungeon.
             The game lasted 00:31:47 (11043 turns).

wingedge the Covered (Demigod Earth Elementalist)  Turns: 11043, Time: 00:31:48

HP:   -1/69 (81)    AC: 11    Str: 17    XL:     10   Next: 66%
MP:   0/19          EV: 19    Int: 30    God:
Gold: 493           SH:  0    Dex: 19    Spells: 14/17 levels left

rFire   . . .        b - +0 halberd (venom)
rCold   . . .        (shield currently unavailable)
rNeg    . . .        n - +0 leather armour of Liawaoj {rPois}
rPois   +            v - +2 hat {Int+3}
rElec   .            J - +0 cloak
rCorr   .            a - +2 pair of gloves
SInv    .            m - +0 pair of boots
Will    +....        E - amulet of guardian spirit
Stlth   +++          H - +5 ring of evasion
HPRegen 0.31/turn    h - ring of Arphaija {Int+6 Dex+5}
MPRegen 0.16/turn

%: guardian spirit
@: heavily drained
A: high MP 1, forlorn, divine attributes
a: no special abilities


You were on level 9 of the Dungeon.
You visited 1 branch of the dungeon, and saw 9 of its levels.
You also visited: Ossuary.

You collected 493 gold pieces.

Inventory:

Hand Weapons
 b - a +0 halberd of venom (weapon)
 D - a +3 trident
 G - the +9 mace of Famine {freeze, Int+3 Dex-5 SInv}
   (You found it on level 7 of the Dungeon)

   Int:       It affects your intelligence (+3).
   Dex:       It affects your dexterity (-5).
   SInv:      It lets you see invisible.
Missiles
 L - a boomerang of dispersal
Armour
 a - a +2 pair of gloves (worn)
 m - a +0 pair of boots (worn)
 n - the +0 leather armour of Liawaoj (worn) {rPois}
   (You found it on level 2 of the Dungeon)

   rPois:     It protects you from poison.
 v - a +2 hat of intelligence (worn)
 C - a +0 ring mail of fire resistance
 J - a +0 cloak (worn)
Magical Staves
 d - a staff of death
Jewellery
 e - a ring of resist corrosion
 h - the ring of Arphaija (right hand) {Int+6 Dex+5}
   (You found it on level 3 of the Dungeon)

   [ring of intelligence]

   Int:       It affects your intelligence (+6).
   Dex:       It affects your dexterity (+5).
 s - a ring of see invisible
 w - a ring of willpower
 E - an amulet of guardian spirit (around neck)
 H - a +5 ring of evasion (left hand)
Wands
 f - a wand of flame (9)
 p - a wand of quicksilver (9)
 F - a wand of paralysis (13)
 K - a wand of iceblast (10)
Scrolls
 g - 4 scrolls of amnesia
 i - 3 scrolls of poison
 r - 3 scrolls of teleportation
 u - 2 scrolls of magic mapping
 x - a scroll of enchant weapon
 y - a scroll of fog
 B - a scroll of silence
 I - a scroll of acquirement {unknown}
Potions
 c - 2 potions of mutation {unknown}
 j - 2 potions of heal wounds
 k - 2 potions of invisibility {unknown}
 l - 5 potions of curing
 o - 2 potions of flight {unknown}
 q - 3 potions of haste {unknown}
 t - 3 potions of degeneration {unknown}
 z - 2 potions of brilliance {unknown}
 A - 2 potions of might {unknown}


   Skills:
 - Level 5.0 Fighting
 + Level 6.2 Polearms
 - Level 7.0 Armour
 - Level 4.0 Dodging
 - Level 6.0 Stealth
 + Level 4.2 Spellcasting
 - Level 6.0 Conjurations
 - Level 0.8 Transmutations
 - Level 6.0 Earth Magic


You had 14 spell levels left.
You knew the following spells:

 Your Spells              Type           Power      Damage    Failure   Level
b - Stone Arrow           Conj/Erth      84%        3d12      1%          3

Your spell library contained the following spells:

 Spells                   Type           Power      Damage    Failure   Level
 Sandblast                Erth           84%        2d18      1%          1
 Passwall                 Tmut/Erth      21%        N/A       2%          2
 Static Discharge         Conj/Air       48%        2-4/arc   3%          2
 Petrify                  Tmut/Erth      26%        N/A       19%         4
 Airstrike                Air            3%         2d(1-17)  58%         4
 Summon Lightning Spire   Summ/Air       6%         N/A       58%         4


Dungeon Overview and Level Annotations

Branches:
Dungeon (9/15)             Temple (0/1) D:4         Ossuary (visited)
   Lair: D:8-11         Orc: D:9-12

Shops:
D:8 [


Innate Abilities, Weirdness & Mutations

You have an increased reservoir of magic. (+10% MP)
You shall have no god before yourself.
Your divine heritage dramatically boosts your attributes as you level up.


Message History

The orc is moderately wounded.
The orc warrior hits you with the +10 dagger of the Desert {drain, rF+ Will+ Str+3 Int-4}!
You feel drained. The orc misses you.
Casting: Stone Arrow (safe; 1% risk of failure)
Confirm with . or Enter, or press ? or * to list all spells.
Aiming: Stone Arrow (safe; 1% risk of failure)
Press: ? - help, Shift-Dir - straight line, f - orc warrior, p - orc
Aim: an orc warrior, wielding the +10 dagger of the Desert {drain, rF+ Will+ Str+3 Int-4} and wearing a +0 plate armour (76% to hit)
The stone arrow misses the orc warrior.
The orc warrior hits you with the +10 dagger of the Desert {drain, rF+ Will+ Str+3 Int-4}!
You feel drained. The orc hits you with a +0 dagger.
Casting: Stone Arrow (safe; 1% risk of failure)
Confirm with . or Enter, or press ? or * to list all spells.
Aiming: Stone Arrow (safe; 1% risk of failure)
Press: ? - help, Shift-Dir - straight line, f/p - orc warrior
Aim: an orc warrior, wielding the +10 dagger of the Desert {drain, rF+ Will+ Str+3 Int-4} and wearing a +0 plate armour (76% to hit)
The stone arrow hits the orc warrior!
The orc warrior is heavily wounded.
The orc warrior completely misses you. The orc barely misses you.
Casting: Stone Arrow (safe; 1% risk of failure)
Confirm with . or Enter, or press ? or * to list all spells.
Aiming: Stone Arrow (safe; 1% risk of failure)
Press: ? - help, Shift-Dir - straight line, f/p - orc warrior
Aim: an orc warrior, wielding the +10 dagger of the Desert {drain, rF+ Will+ Str+3 Int-4} and wearing a +0 plate armour (heavily wounded, 76% to hit)
The stone arrow hits the orc warrior!
The orc warrior is almost dead.
The orc warrior hits you with the +10 dagger of the Desert {drain, rF+ Will+ Str+3 Int-4}!
You feel drained. The orc closely misses you.
Casting: Stone Arrow (safe; 1% risk of failure)
Confirm with . or Enter, or press ? or * to list all spells.
You don't have enough magic to cast this spell.
Unknown command.
You hit the orc warrior.
The orc warrior is almost dead.
The orc warrior hits you with the +10 dagger of the Desert {drain, rF+ Will+ Str+3 Int-4}!
You feel drained. The orc barely misses you.
The orc warrior hits you with the +10 dagger of the Desert {drain, rF+ Will+ Str+3 Int-4}!!
* * * LOW HITPOINT WARNING * * *
You feel drained.
You die...

.....####.......##.)#
.....'......♣..##...#
.....######...#####.#
....................#
#....................
.#####'#########'###
#........###..##..#
#......##.##..##..#
#.#o@..##.#.#.##..##.
#.#o###..#.)#.##..# .
#...#.'# .#.#..'#..##..#
#...#.#.# #.#..[##..# ..#
#...#.##..#.#..)#.##..##.
#...#.# #.#.#...#. ..# .
###...#.# #.#....## ##..
.....#.#####'#########'###
#.#.#..#)..........#....#...


You could see an orc warrior and an orc (very poisoned).

Vanquished Creatures
  2 two-headed ogres (D:9)
  Amaemon (D:9)
  A cyclops (D:9)
  Maurice (D:7)
  An orange demon (D:9)
  A hornet (D:8)
  2 trolls (D:9)
  A wyvern (D:8)
  2 wraiths (D:9)
  3 steam dragons
  3 ice beasts
  2 sky beasts
  3 orc warriors
  A phantom (D:4)
  3 centaurs
  2 bullfrogs
  3 kobold brigands
  3 scorpions
  2 water moccasin zombies (Ossuary)
  9 wights
  3 centaur zombies (Ossuary)
  4 howler monkeys
  A jelly (D:7)
  3 bullfrog zombies (Ossuary)
  5 hounds
  2 orc priests
  A gnoll bouda (D:4)
  2 sleepcaps (D:5)
  Jessica (D:3)
  2 iguanas
  Natasha (thrice) (D:3)
  A scorpion zombie (Ossuary)
  8 orc wizards
  An ogre zombie (Ossuary)
  Robin (D:3)
  4 gnolls (D:5)
  2 adders
  3 white imps
  An ufetubus (D:6)
  4 adder zombies (Ossuary)
  2 worms
  4 dart slugs
  27 orcs
  7 bats
  7 endoplasms
  3 giant cockroaches (D:3)
  3 gnoll zombies (Ossuary)
  14 goblins
  12 hobgoblins
  9 kobolds
  4 quokkas
  9 ball pythons
  3 frilled lizards
  3 goblin zombies (Ossuary)
  3 orc zombies (Ossuary)
  7 rats
215 creatures vanquished.

Notes
Turn   | Place    | Note
-------+----------+-------------------------------------------
     0 | D:1      | wingedge the Demigod Earth Elementalist began the quest for
                  | the Orb.
     0 | D:1      | Reached XP level 1. HP: 14/14 MP: 5/5
   213 | D:1      | Reached XP level 2. HP: 22/22 MP: 5/7
   710 | D:1      | Reached skill level 1 in Fighting
   758 | D:1      | Reached XP level 3. HP: 27/28 MP: 3/8
   803 | D:1      | Learned a level 3 spell: Stone Arrow
   939 | D:2      | Reached skill level 1 in Conjurations
  1189 | D:2      | Identified the +0 leather armour of Liawaoj {rPois}
  2019 | D:3      | Identified the ring of Arphaija {Int+6 Dex+5}
  2064 | D:3      | Noticed Robin
  2097 | D:3      | Killed Robin
  2191 | D:3      | Reached XP level 4. HP: 35/35 MP: 8/10
  2443 | D:3      | Noticed Natasha
  2629 | D:3      | Noticed Jessica
  2633 | D:3      | Killed Jessica
  2634 | D:3      | Reached skill level 1 in Armour
  2785 | D:4      | Reached XP level 5. HP: 41/41 MP: 4/11
  2963 | D:4      | Saw a vision of the Shoals and the Snake Pit.
  2963 | D:4      | Noticed a manticore
  2963 | D:4      | Noticed a skyshark
  2963 | D:4      | Noticed a snapping turtle
  2963 | D:4      | Noticed a manticore
  2963 | D:4      | Noticed a manticore
  2963 | D:4      | Noticed a kraken
  2963 | D:4      | Noticed a merfolk
  2963 | D:4      | Noticed a kraken
  2963 | D:4      | Noticed a snapping turtle
  2963 | D:4      | Noticed a water elemental
  2963 | D:4      | Noticed a naga ritualist
  2963 | D:4      | Noticed a black mamba
  2963 | D:4      | Noticed a black mamba
  2963 | D:4      | Noticed a salamander
  2963 | D:4      | Noticed a mana viper
  2963 | D:4      | Noticed a naga
  2964 | D:4      | Noticed a naga
  3194 | D:4      | Found a staircase to the Ecumenical Temple.
  3384 | D:4      | Reached skill level 2 in Armour
  3384 | D:4      | Reached XP level 6. HP: 48/48 MP: 0/13
  3598 | D:5      | Entered Level 5 of the Dungeon
  3879 | D:5      | Found a sand-covered staircase.
  3884 | Ossuary  | Entered an ossuary
  4227 | Ossuary  | Reached XP level 7. HP: 53/55 MP: 0/15
  4347 | Ossuary  | Reached skill level 3 in Armour
  4592 | Ossuary  | Noticed a silent spectre
  4898 | D:5      | Reached skill level 5 in Earth Magic
  5263 | D:3      | Killed Natasha
  5458 | D:3      | Noticed Natasha
  5459 | D:3      | Killed Natasha
  5673 | D:3      | Noticed Natasha
  5676 | D:3      | Killed Natasha
  5796 | D:6      | Noticed a steam dragon
  5799 | D:6      | Killed a steam dragon
  5800 | D:6      | Reached skill level 1 in Polearms
  5800 | D:6      | Reached XP level 8. HP: 61/61 MP: 10/17
  6918 | D:7      | Identified the +9 mace of Famine {freeze, Int+3 Dex-5 SInv}
  7058 | D:7      | Reached skill level 4 in Armour
  7058 | D:7      | Reached skill level 5 in Conjurations
  8026 | D:8      | Noticed Maurice
  8041 | D:8      | Paralysed by something for 2 turns
  8047 | D:7      | Killed Maurice
  8048 | D:7      | Reached XP level 9. HP: 64/71 MP: 2/18
  8503 | D:8      | Found Rihasia's Armour Shoppe.
  9139 | D:8      | Paralysed by a hornet for 1 turns
  9141 | D:8      | Reached skill level 5 in Armour
  9141 | D:8      | Reached skill level 5 in Stealth
 10164 | D:9      | Reached XP level 10. HP: 71/78 MP: 4/19
 10457 | D:9      | Noticed Amaemon
 10470 | D:9      | Noticed a cyclops
 10475 | D:9      | Killed a cyclops
 10476 | D:9      | Reached skill level 5 in Polearms
 10500 | D:9      | Reached skill level 6 in Armour
 10760 | D:9      | Killed Amaemon
 10809 | D:9      | Noticed a two-headed ogre
 10884 | D:9      | Noticed a two-headed ogre
 10888 | D:9      | Killed a two-headed ogre
 10889 | D:9      | Reached skill level 5 in Fighting
 10899 | D:9      | Killed a two-headed ogre
 10900 | D:9      | Reached skill level 7 in Armour
 11035 | D:9      | Identified the +10 dagger of the Desert {drain, rF+ Will+
                  | Str+3 Int-4}
 11043 | D:9      | Slain by an orc warrior

Illustrated notes

Levels and vault maps discovered:
D:1:      dpeg_arrival_renting, layout_rooms, shapermc_ecumenical_altar_ellora
D:2:      layout_basic, basic_altar, minmay_misc_feat_plants
D:3:      minmay_octagon_keep, layout_basic, kiku_gazebo_garden_becter,
          hangedman_decor_growths, chequers_serial_rivers_marsh,
          grunt_decor_arrowhead, serial_park_tiny_pond, uniq_robin,
          uniq_natasha, uniq_jessica
D:4:      layout_rooms, jmf_multi_god_temple, grunt_ashenzari_visionary
          [grunt_ashenzari_visionary_shoals, grunt_ashenzari_visionary_snake],
          minmay_temple_entry_junction_2
D:5:      layout_rooms, enter_ossuary_5, hangedman_decor_points, hellmonk_no_cap
D:6:      layout_cave_pools, marbit_many_paths, nzn_wu_jian_contemplation,
          st_stairs_5
D:7:      layout_basic, mainiacjoe_overflow_boulevard
D:8:      layout_loops_ring, serial_shops,
          nicolae_shop_competitors_out_of_business, serial_bayou_pond_a,
          grunt_ministairs_12, uniq_maurice
D:9:      minmay_the_grid_net [minmay_the_grid_tiny_cups,
          minmay_the_grid_square_x, minmay_the_grid_expand,
          minmay_the_grid_tree, minmay_the_grid_minigrid_medium,
          minmay_the_grid_prize_inner_circle], layout_basic, kennysheep_mini,
          serial_shops, nicolae_shop_trees, grunt_ministairs_9,
          hangedman_decor_riveting, uniq_amaemon

Skill      XL: |  1  2  3  4  5  6  7  8  9 10 |
---------------+-------------------------------+-----
Stealth        | 2 4 5 6 |  6.0
Dodging        | 2 3 4 |  4.0
Spellcasting   | 2 3 4 |  4.2
Fighting       | 1 2 3 4 5 |  5.0
Earth Magic    | 3 4 5 6 |  6.0
Conjurations   | 1 2 3 4 5 6 |  6.0
Armour         | 1 2 3 4 5 7 |  7.0
Polearms       | 1 3 4 6 |  6.2
Transmutations | |  0.8

Action                     |  1- 3 |  4- 6 |  7- 9 | 10-12 || total
---------------------------+-------+-------+-------+-------++-------
  Melee: Dagger            |     5 |    12 |    17 |       ||    34
         Halberd           |       |       |    95 |    42 ||   137
         Punch             |       |       |     1 |       ||     1
   Cast: Sandblast         |    90 |    55 |    16 |       ||   161
         Stone Arrow       |       |    28 |   121 |    32 ||   181
    Use: Scroll            |     1 |     5 |    12 |       ||    18
         Potion            |     1 |       |     1 |       ||     2
   Stab: Sleeping          |       |       |     1 |       ||     1
 Armour: Robe              |     2 |       |       |       ||     2
         Leather armour    |    12 |    13 |    19 |     7 ||    51
         Ring mail         |       |       |    47 |     3 ||    50
  Dodge: Dodged            |    41 |    30 |   126 |    46 ||   243
